AoeStats
← carl123

Pilgrims

508705553Analyzed
4v4 RM · 10d ago on Sep 23, 2026· 55m 20s· 8 players
Game mode
Random Map
Map size
Large (8 player)
Population
200
Speed
Normal
Resources
Standard
Victory
Conquest
Starting age
Dark Age
Ending age
Imperial Age
RankedLock teamsTeams togetherTeam positionsShared explorationLock speedFull tech treeHidden civsTurbo modeCheats
Victory
Defeat
🇦🇷 Chinese · Argentina
1305
+15
🇺🇸 Vikings · United States
1302
+15
🇨🇳 Bulgarians · China
1295
+15
🇬🇵 Sicilians · Guadeloupe
1294
+15
🇩🇰 Magyars · Denmark
1351
-17
🇩🇰 Maya · Denmark
1298
-16
🇩🇰 Goths · Denmark
1241
-14
🇩🇰 Dravidians · Denmark
1240
-13
superpwn
8:28 Loom
11:32 Feudal Age
12:27 Double-Bit Axe
12:38 Gold Mining
12:39 Town Watch
16:53 Fishing Lines
19:23 Castle Age
20:15 Medium Warships
20:57 Wheelbarrow
20:37 Bow Saw
20:38 Scale Barding Armor
23:56 Bloodlines
24:23 Hand Cart
27:51 Imperial Age
26:55 Husbandry
27:18 Chain Barding Armor
28:31 Cavalier
34:16 Plate Barding Armor
34:30 Horse Collar
35:57 Two-Man Saw
36:13 Masonry
36:39 Fletching
37:34 Bodkin Arrow
38:19 Conscription
38:45 Gold Shaft Mining
44:10 Paladin
47:08 Heavy Plow
47:42 Ballistics
carl123
7:35 Loom
13:20 Feudal Age
11:35 Loom
15:37 Double-Bit Axe
19:21 Gold Mining
24:50 Castle Age
31:24 Horse Collar
32:25 Heavy Plow
35:30 Bow Saw
38:23 Wheelbarrow
37:34 Town Watch
40:34 Hand Cart
41:22 Medium Warships
42:52 Ballistics
42:57 Demolition Ship
48:26 Imperial Age
48:30 Coinage
50:12 Heavy Warships
49:10 Heavy Demolition Ship
49:56 Fletching
54:23 Chemistry
53:29 Siphons
Raven
4:50 Loom
11:47 Feudal Age
13:31 Horse Collar
13:45 Double-Bit Axe
17:02 Town Watch
17:19 Gold Mining
19:37 Castle Age
18:47 Fletching
19:10 Forging
19:31 Padded Archer Armor
20:21 Bodkin Arrow
22:02 Wheelbarrow
22:03 Medium Warships
22:24 Bow Saw
22:11 Stone Mining
23:50 Leather Archer Armor
27:25 Scale Mail Armor
30:03 Squires
33:59 Ballistics
34:14 Eagle Warrior
39:01 Imperial Age
39:14 Elite Eagle Warrior
40:58 Bracer
41:13 Chain Mail Armor
42:05 Chain Mail Armor
42:43 Conscription
42:20 Arson
47:17 Plate Mail Armor
48:50 Iron Casting
49:27 Holcans
49:11 Elite Plumed Archer
ANALOG-FAR
10:39 Loom
12:25 Feudal Age
14:30 Forging
14:13 Fletching
30:44 Castle Age
31:45 Double-Bit Axe
36:15 Fishing Lines
36:30 Fishing Lines
38:24 Wheelbarrow
37:39 Town Watch
39:22 Bow Saw
38:56 Horse Collar
39:11 Pikeman
39:52 Squires
40:40 Scale Mail Armor
42:11 Chain Mail Armor
43:15 Forging
46:21 Imperial Age
45:54 Iron Casting
47:06 Hand Cart
47:01 Heavy Plow
46:27 Halberdier
48:24 Blast Furnace
48:40 Bodkin Arrow
49:46 Man-at-Arms
50:39 Long Swordsman
SULIMAN
3:48 Loom
5:23 Loom
11:19 Feudal Age
15:32 Castle Age
14:15 Forging
15:05 Stone Mining
20:24 Double-Bit Axe
24:05 Scale Mail Armor
25:07 Chain Mail Armor
26:51 Medium Warships
27:40 Demolition Ship
28:22 Horse Collar
29:20 Wheelbarrow
28:33 Town Watch
31:18 Ballistics
33:19 Hand Cart
37:14 Imperial Age
34:52 Elite Skirmisher
36:06 Bow Saw
38:05 Fletching
38:15 Padded Archer Armor
37:40 Heavy Mounted Crossbowman
41:36 Bodkin Arrow
41:56 Leather Archer Armor
42:53 Chemistry
43:41 Gold Mining
44:28 Stone Shaft Mining
45:18 Cranequins
46:35 Bracer
47:11 Iron Casting
47:08 Plate Mail Armor
46:43 Scale Barding Armor
49:57 Heavy Warships
50:15 Town Patrol
51:40 Squires
51:25 Arson
51:59 Pikeman
53:27 Halberdier
54:31 Heavy Plow
Polaco
3:42 Loom
10:52 Feudal Age
11:24 Double-Bit Axe
14:55 Fletching
18:11 Castle Age
18:19 Gold Mining
18:23 Town Watch
18:41 Fishing Lines
18:30 Crossbowman
27:06 Thumb Ring
28:26 Wheelbarrow
28:46 Horse Collar
29:18 Bow Saw
28:45 Elite Skirmisher
29:43 Padded Archer Armor
30:15 Bodkin Arrow
36:47 Leather Archer Armor
40:05 Imperial Age
40:18 Arbalester
41:01 Bracer
42:13 Ring Archer Armor
43:02 Ballistics
43:43 Chemistry
53:10 Two-Man Saw
52:13 Town Patrol
52:29 Hand Cart
小明
3:45 Loom
15:54 Feudal Age
22:53 Castle Age
21:47 Horse Collar
31:24 Imperial Age
31:29 Capped Ram
32:23 Siege Ram
33:11 Pikeman
35:07 Double-Bit Axe
40:14 Forging
40:05 Scale Mail Armor
40:05 Gambesons
40:21 Squires
43:02 Wheelbarrow
45:47 Halberdier
46:15 Arson
46:51 Bagains
48:16 Chain Mail Armor
50:43 Bow Saw
53:21 Plate Mail Armor
53:26 Iron Casting
52:42 Fletching
52:54 Padded Archer Armor
53:26 Hand Cart
Blackacre_Manor
5:55 Loom
12:07 Feudal Age
13:32 Fishing Lines
19:04 Castle Age
17:13 Horse Collar
17:39 Double-Bit Axe
17:50 Town Watch
20:03 Bow Saw
22:10 Heavy Plow
27:15 Scale Mail Armor
28:28 Chain Mail Armor
28:39 Forging
29:59 Chieftains
31:30 Fletching
33:19 Bodkin Arrow
34:00 Iron Casting
34:24 Masonry
44:14 Gold Mining
44:15 Stone Mining
46:17 Gold Shaft Mining
48:27 Imperial Age
48:28 Elite Berserk
49:30 Conscription
49:50 Plate Mail Armor
49:33 Capped Ram
50:40 Arson
51:30 Siege Ram
55:04 Caravan
Connection lost

Rejoining the realm…

Still unreachable

The connection could not be restored.

Session expired

The server has moved on; the page needs a fresh start.